 Dungeon Crawl Stone Soup version 0.27-a0-931-g5a74e75d8f (webtiles) character file.

Game seed: 3825569505080873467

4 mhtbhm the Digger (level 1, -2/10 HPs)
             Began as a Gargoyle Earth Elementalist on Apr 10, 2021.
             Slain by a hobgoblin (4 damage)
             ... on level 1 of the Dungeon.
             The game lasted 00:00:35 (211 turns).

mhtbhm the Digger (Gargoyle Earth Elementalist)      Turns: 211, Time: 00:00:36

Health: -2/10      AC:  4    Str: 11    XL:     1   Next: 70%
Magic:  1/3        EV: 11    Int: 15    God:
Gold:   35         SH:  0    Dex: 10    Spells: 3/4 levels left

rFire    . . .     SeeInvis .   (no weapon)
rCold    . . .     Faith    .   (no shield)
rNeg     + . .     Spirit   .   c - +0 robe
rPois    ∞         Reflect  .   (no helmet)
rElec    +         Harm     .   (no cloak)
rCorr    .         Rampage  .   (no gloves)
Will     .....                  (no boots)
Stlth    ++........             (no amulet)
HPRegen  0.03/turn              (no ring)
MPRegen  0.08/turn              (no ring)

@: no status effects
A: AC +2, negative energy resistance 1, electricity resistance, torment
resistance 1, unbreathing 1, petrification resistance
a: no special abilities


You were on level 1 of the Dungeon.
You visited 1 branch of the dungeon, and saw 2 of its levels.

You collected 35 gold pieces.

Inventory:

Missiles
 b - 25 stones
Armour
 c - a +0 robe (worn)
Scrolls
 a - a scroll of silence {unknown}
 d - a scroll of enchant armour {unknown}


   Skills:
 + Level 1.5 Dodging
 + Level 2.1 Stealth
 + Level 2.0 Spellcasting
 + Level 0.7 Transmutations
 + Level 4.1 Earth Magic


You had 3 spell levels left.
You knew the following spells:

 Your Spells              Type           Power      Damage    Failure   Level
a - Sandblast             Erth           26%        2d8       4%          1

Your spell library contained the following spells:

 Spells                   Type           Power      Damage    Failure   Level
 Passwall                 Tmut/Erth      6%         N/A       13%         2
 Stone Arrow              Conj/Erth      14%        3d7       28%         3
 Petrify                  Tmut/Erth      8%         N/A       63%         4
 Lee's Rapid Deconstruct  Erth           6%         3d7*      75%         5


Dungeon Overview and Level Annotations

Branches:
Dungeon (2/15)

Altars:


Innate Abilities, Weirdness & Mutations

Your stone body is resilient. (AC +2)
You are immune to poison.
You resist negative energy. (rN+)
You are resistant to electric shocks. (rElec)
You are resistant to unholy torment.
You can survive without breathing.
You are immune to petrification.


Message History

Press: ? - help, Shift-Dir - straight line, f - dart slug
Aim: a dart slug (0% to evade)
The blast of sand hits the dart slug!
The dart slug is almost dead.
The bat hits you but does no damage.
Unknown command.
The bat closely misses you. The dart slug launches a dart at you.
The slug dart misses you.
You closely miss the bat. The bat closely misses you.
A kobold comes into view. It is wielding a +0 dagger.
The bat misses you.
You aren't carrying any items that you can evoke.
Unknown command.
The bat hits you but does no damage. The bat barely misses you.
The bat barely misses you.
Found a short runed staff.
The bat hits you but does no damage. The bat completely misses you.
Found a faded altar of an unknown god.
The bat hits you but does no damage.
You closely miss the bat. The bat misses you. The quokka closely misses you.
A hobgoblin comes into view.
The kobold shouts!
The bat barely misses you. The bat barely misses you. The bat misses you.
The quokka barely misses you.
A rat comes into view.
The bat hits you but does no damage.
You hit the hobgoblin.
The hobgoblin is moderately wounded.
The hobgoblin closely misses you. The quokka bites you. The hobgoblin hits you.
* * * LOW HITPOINT WARNING * * *
You hit the bat but do no damage. The bat hits you but does no damage.
The quokka bites you but does no damage.
The bat is sucked into a shaft!
The shaft crumbles and collapses.
The hobgoblin hits you.
You die...

|.........# #..).#
..∩..8..8## #....†#
.........# #.......
.........#
#...'.#...
.....∩.K.#
#...#.##B.!
........w####...#.#
#..
..........○.....#.#
#.
..∩..∩..♣g......#
........r@......#
.............r..#
.._..♣..∩.......#
.....##......####
..... #......# ....
#......# ...
+......+ #......#


You could see a dart slug, a quokka, a hobgoblin, a kobold and a rat.

Vanquished Creatures
  An endoplasm (D:1)
  A goblin (D:1)
  A hobgoblin (D:2)
  A rat (D:1)
4 creatures vanquished.

Notes
Turn   | Place    | Note
-------+----------+-------------------------------------------
     0 | D:1      | mhtbhm the Gargoyle Earth Elementalist began the quest for
                  | the Orb.
     0 | D:1      | Reached XP level 1. HP: 10/10 MP: 3/3
    55 | D:1      | You fall into a shaft and drop 1 floor!
   182 | D:1      | Reached skill level 4 in Earth Magic
   202 | D:1      | Found a faded altar of an unknown god.
   211 | D:1      | Slain by a hobgoblin

Illustrated notes

Levels and vault maps discovered:
D:1:      wander_arrival_desolate, layout_basic, serial_shops,
          nicolae_shop_stone, hellmonk_ecumenical_altar_arch_garden,
          minmay_nonomino_d4
D:2:      layout_rooms, minmay_goblin_outpost

Skill      XL: |  1 |
---------------+----+-----
Earth Magic    | 4 |  4.1
Dodging        | |  1.5
Stealth        | |  2.1
Spellcasting   | |  2.0
Transmutations | |  0.7

Action                   || total
-------------------------++-------
Melee: Unarmed           ||     5
 Cast: Sandblast         ||     5
Armor: Robe              ||     7
Dodge: Dodged            ||    16

Table legend: (Time is in decaauts)
 A = Elapsed time spent in this place.
 B = Non-inter-level travel time spent in this place.
 C = Inter-level travel time spent in this place.
 D = Time resting spent in this place.
 E = Time spent auto-exploring this place.
 F = Levels seen in this place.
 G = Mean time per level.
                   A        B        C        D        E       F      G
               +--------+--------+--------+--------+--------+-----+--------+
         Total |    211 |    211 |      0 |      0 |    157 |   2 |  105.5 |
       Dungeon |    211 |    211 |      0 |      0 |    157 |   2 |  105.5 |
               +--------+--------+--------+--------+--------+-----+--------+

Top non-repeatable levels by time:
     D:2: 119 daAuts
     D:1: 91 daAuts
